 Dungeon Crawl Stone Soup version 0.31-a0-431-g88bdf31460 (webtiles) character file.

Game seed: 16644336181947089974

4155 avis the Cleaver (level 10, -1/135 HPs)
             Began as a Hill Orc Monk on Aug 1, 2023.
             Was a Priest of Beogh.
             Succumbed to a killer bee's poison
             ... on level 8 of the Dungeon.
             The game lasted 00:43:52 (10124 turns).

avis the Cleaver (Hill Orc Monk)                   Turns: 10124, Time: 00:43:53

Health: -1/135     AC: 25    Str: 25    XL:     10   Next: 28%
Magic:  14/14      EV:  2    Int: 10    God:    Beogh [***...]
Gold:   455        SH: 14    Dex: 13    Spells: 9/9 levels left

rFire   . . .        a - +0 hand axe
rCold   . . .        y - +0 tower shield
rNeg    . . .        K - melded +0 plate armour
rPois   +            h - melded +1 hat
rElec   .            E - melded +0 cloak
rCorr   +            r - melded +0 pair of gloves
SInv    .            (boots currently unavailable)
Will    .....        f - amulet of magic regeneration
Stlth   +            G - ring of resist corrosion
HPRegen 0.42/turn    L - +6 ring of strength
MPRegen 0.54/turn

%: no passive effects
@: lethally poisoned (-1 -> -11), tree-form
A: stationary, stasis, torment immunity, boosted hp
a: Renounce Religion, Smiting


You were on level 8 of the Dungeon.
You worshipped Beogh.
Beogh was most pleased with you.
You were a tree.
You visited 2 branches of the dungeon, and saw 10 of its levels.

You collected 455 gold pieces.

Inventory:

Hand Weapons
 a - a +0 hand axe (weapon)
 b - a +1 sling of electrocution
 w - a +0 trident of freezing
Missiles
 d - a curare-tipped dart
 i - 8 poisoned darts
 q - 18 javelins (quivered)
 I - 3 boomerangs
Armour
 h - a +1 hat (melded)
 r - a +0 pair of gloves (melded)
 y - a +0 tower shield (worn)
 E - a +0 cloak (melded)
 K - a +0 plate armour (melded)
Jewellery
 f - an amulet of magic regeneration (around neck)
 G - a ring of resist corrosion (left branch)
 L - a +6 ring of strength (right branch)
Wands
 j - a wand of flame (11)
 U - a wand of paralysis (18)
Scrolls
 g - 4 scrolls of enchant weapon {unknown}
 l - 4 scrolls of teleportation
 m - 2 scrolls of noise {unknown}
 n - 2 scrolls of enchant armour {unknown}
 o - 2 scrolls of fear {unknown}
 t - 4 scrolls of vulnerability {unknown}
 z - 4 scrolls of amnesia {unknown}
 C - 2 scrolls of immolation {unknown}
 F - 2 scrolls of blinking {unknown}
 T - a scroll of poison {unknown}
Potions
 c - a potion of invisibility
 R - a potion of might {unknown}
Miscellaneous
 H - a piece from Xom's chessboard (15/15)


   Skills:
 + Level 8.7 Fighting
 * Level 13.7 Axes
 - Level 2.4 Dodging
 + Level 7.0 Shields
 + Level 6.0 Invocations


You had 9 spell levels left.
You didn't know any spells.
Your spell library contained the following spells:

 Spells                   Type           Power      Damage    Failure   Level
 Apportation              Tloc           0%         N/A       85%         1
 Freeze                   Ice            0%         1d3       85%         1
 Necrotise                Necr           0%         1d4       85%         1
 Sandblast                Erth           0%         2d4       85%         1
 Summon Small Mammal      Summ           0%         N/A       85%         1
 Passwall                 Tmut/Erth      0%         N/A       94%         2
 Frozen Ramparts          Ice            0%         1d1       99%         3
 Hailstorm                Conj/Ice       0%         3d3       99%         3
 Stone Arrow              Conj/Erth      0%         3d7       99%         3
 Vampiric Draining        Necr           0%         2d6       99%         3
 Vhi's Electric Charge    Tloc/Air       0%         N/A       99%         3
 Manifold Assault         Tloc           0%         N/A       100%        4
 Agony                    Necr           0%         N/A       100%        5
 Arcjolt                  Conj/Air       0%         1d10      100%        5
 Dispersal                Tloc           0%         N/A       100%        6
 Disjunction              Tloc           0%         N/A       100%        8
 Maxwell's Capacitive Co  Air            0%         ∞         100%        8


Dungeon Overview and Level Annotations

Branches:
Dungeon (9/15)             Temple (1/1) D:7
   Lair: D:8-11         Orc: D:9-12

Altars:
Ashenzari
Cheibriados
Dithmenos
Elyvilon
Fedhas
Gozag
Hepliaklqana
Kikubaaqudgha
Makhleb
Nemelex Xobeh
Okawaru
Qazlal
Ru
Trog
Vehumet
Wu Jian
Xom
Yredelemnul
Zin
The Shining One

Shops:
D:6 (   D:7 *

Annotations:
D:8 2 transporters


Message History

You feel sick. You block the killer bee's attack. x2
The killer bee barely misses you. You block the killer bee's attack.
The killer bee stings you but does no damage. x3
The killer bee stings you.
You are more poisoned.
The killer bee poisons you! The boulder beetle bites you!
You climb upwards.
Level annotation: 2 transporters You feel very sick.
There is a stone staircase leading down here.
You hit the killer bee but do no damage.
You hit the boulder beetle but do no damage.
You miss the killer bee.
You closely miss the killer bee. x2; You feel sick.
You block the killer bee's attack. x2; The killer bee stings you.
You are more poisoned.
The killer bee poisons you!
The killer bee stings you but does no damage.
You block the killer bee's attack. The killer bee barely misses you.
The killer bee stings you but does no damage.
The killer bee stings you! The boulder beetle bites you!
* * * LOW HITPOINT WARNING * * *
Okay, then.
As you read the scroll of summoning, it crumbles to dust.
Wisps of shadow whirl around you...
You feel very sick. You block the killer bee's attack.
The killer bee stings you but does no damage.
You block the killer bee's attack. x2
The killer bee stings you but does no damage.
The killer bee barely misses you. The killer bee stings you.
* * * LOW HITPOINT WARNING * * *
The killer bee stings you but does no damage.
The boulder beetle bites you!
* * * LOW HITPOINT WARNING * * *
It was a potion of lignification.
You turn into a tree.
Your +0 cloak melds into your body.
Your +1 hat melds into your body.
Your +0 pair of gloves melds into your body.
Your +0 plate armour melds into your body.
Your roots penetrate the ground.
You die...

#. #. #######.
###########.......
#.................
#.#########.......
#.# #....+.......
#y####.#..#.......
##♣y....#...#######
#Byy......©..†..# #
#.z.Dz#########.# #
#..z..#8P.©.P8#.# #
#.....#P././.P#.# #
#z....####+####.# #
#.....#o≈...≈K#.#
#.....#5≈...≈5#.#
#.....#.≈PP~≈K#.#


You could see a boulder beetle, 4 killer bees, an orc priest, a shadow imp, a
friendly acid dragon (summoned) and 4 friendly wights.

Vanquished Creatures
  Prince Ribbit (D:5)
  4 yaks (D:8)
  A vampire mosquito (D:8)
  Edmund (D:5)
  A water moccasin (D:7)
  Duvessa (D:6)
  An orc warrior (D:8)
  2 black bears
  2 sky beasts
  2 ogres
  2 phantoms (D:5)
  A kobold brigand (D:7)
  6 scorpions
  A bullfrog (D:5)
  10 wights
  Dowan (D:6)
  9 killer bees
  An electric eel (D:8)
  3 hounds
  2 orc priests
  A gnoll bouda (D:6)
  2 iguanas
  3 orc wizards
  A sleepcap (D:5)
  11 gnolls
  4 adders
  3 shadow imps
  A white imp (D:6)
  2 ufetubi
  3 worms
  2 dart slugs
  22 orcs
  6 endoplasms
  6 giant cockroaches
  7 goblins
  13 hobgoblins
  3 jackals (D:1)
  5 quokkas
  4 ball pythons
  4 bats
  12 frilled lizards
  9 kobolds
  2 rats
178 creatures vanquished.

Vanquished Creatures (others)
  2 orc priests
2 creatures vanquished.

Grand Total: 180 creatures vanquished

Notes
Turn   | Place    | Note
-------+----------+-------------------------------------------
     0 | D:1      | avis the Hill Orc Monk began the quest for the Orb.
     0 | D:1      | Reached XP level 1. HP: 19/19 MP: 1/1
   149 | D:1      | You fall into a shaft and drop 1 floor!
   157 | D:2      | Reached XP level 2. HP: 22/26 MP: 2/2
   173 | D:1      | Found a faded altar of an unknown god.
   365 | D:1      | Reached skill level 5 in Axes
   469 | D:1      | Reached XP level 3. HP: 31/31 MP: 3/3
   949 | D:2      | Reached skill level 6 in Axes
  1065 | D:2      | Reached XP level 4. HP: 30/39 MP: 4/4
  1201 | D:2      | Found a hazy altar of Hepliaklqana.
  1772 | D:3      | Found a shadowy altar of Dithmenos.
  1874 | D:3      | Reached skill level 7 in Axes
  2103 | D:3      | Reached XP level 5. HP: 30/46 MP: 5/5
  2725 | D:4      | Reached skill level 1 in Shields
  3048 | D:4      | Reached XP level 6. HP: 51/52 MP: 6/6
  3337 | D:4      | Reached skill level 8 in Axes
  3707 | D:5      | Entered Level 5 of the Dungeon
  3753 | D:5      | Found a sacrificial altar of Ru.
  3886 | D:5      | Reached XP level 7. HP: 57/60 MP: 7/7
  3922 | D:5      | Reached skill level 5 in Fighting
  4096 | D:5      | Reached skill level 9 in Axes
  4358 | D:5      | Found a stormy altar of Qazlal.
  4982 | D:5      | Reached skill level 10 in Axes
  4982 | D:5      | Reached XP level 8. HP: 36/70 MP: 8/8
  5091 | D:6      | Noticed Prince Ribbit
  5123 | D:5      | Killed Prince Ribbit
  5279 | D:6      | Became a worshipper of Beogh the Brigand
  5279 | D:6      | Reached * piety under Beogh
  5279 | D:6      | Reached ** piety under Beogh
  5286 | D:6      | Found Ofubror's Weapon Shop.
  5302 | D:6      | Noticed Duvessa
  5302 | D:6      | Noticed Dowan
  5326 | D:6      | Killed Dowan
  5329 | D:6      | Killed Duvessa
  5537 | D:6      | Noticed Edmund
  5569 | D:5      | Killed Edmund
  5570 | D:5      | Reached skill level 11 in Axes
  5570 | D:5      | Reached skill level 1 in Invocations
  5937 | D:6      | Reached skill level 5 in Shields
  6244 | D:6      | Reached XP level 9. HP: 32/79 MP: 10/10
  6605 | D:7      | Found a sparkling altar of Nemelex Xobeh.
  6624 | D:7      | Found Faineomo's Assorted Antiques.
  6766 | D:7      | Found a staircase to the Ecumenical Temple.
  6796 | Temple   | Entered the Ecumenical Temple
  7353 | D:7      | Reached skill level 12 in Axes
  7369 | D:7      | Found a burning altar of Makhleb.
  8037 | D:8      | Reached *** piety under Beogh
  8584 | D:8      | Found a transporter.
  8585 | D:8      | Noticed a red devil
  8585 | D:8      | Noticed a kobold demonologist
  8585 | D:8      | Noticed a kobold demonologist
  8632 | D:8      | Reached skill level 13 in Axes
  8632 | D:8      | Reached skill level 5 in Invocations
  8776 | D:8      | Found a transporter.
  9017 | D:8      | Reached XP level 10. HP: 63/88 MP: 13/13
  9135 | D:8      | Found a basalt altar of Yredelemnul.
  9693 | D:8      | Found a broken altar of Ashenzari.
 10004 | D:9      | Noticed a boulder beetle
 10119 | D:9      | a slime creature changed into an ettin
 10119 | D:9      | Noticed an ettin (shapeshifter)
 10123 | D:8      | HP: 1/90 [boulder beetle (12)]
 10124 | D:8      | Succumbed to a killer bee's poison

Illustrated notes

Levels and vault maps discovered:
D:1:      dpeg_arrival_court, layout_loops_ring, basic_ecumenical_altar,
          minmay_worlds_worst_comb
D:2:      layout_rooms, basic_altar, minmay_lizard_pond
D:3:      layout_loops_ring, amcnicky_altar_gilded, serial_forest,
          infiniplex_forest_clump_diagonal, infiniplex_forest_lined_2,
          infiniplex_forest_lined_corner, infiniplex_forest_fountain,
          infiniplex_forest_pool, infiniplex_forest_straight_4,
          infiniplex_forest_clump_large
D:4:      layout_basic, serial_bayou_ford_a
D:5:      layout_loops_ring, lemuel_round_altar, mainiacjoe_overflow_chevrons,
          hellmonk_bongcloud_opening
D:6:      layout_rooms, serial_shops, shop_statue, minmay_fractal_squares_5,
          uniq_edmund, uniq_duvessa, uniq_prince_ribbit1
D:7:      layout_cave_pools, mainiacjoe_overflow_boulevard,
          nemelex_xobeh_ov_fountains_minmay,
          minmay_temple_entry_statues_fountains, serial_shops, shop
D:8:      gammafunk_wand_slinger, layout_basic, kennysheep_mini,
          lemuel_coloured_pillars_altar, minmay_crystal_water
D:9:      minmay_the_grid_four_pointed_star_mashed
          [minmay_the_grid_triangle_9x9_from_above,
          minmay_the_grid_triangle_9x9_intruding_spiral,
          minmay_the_grid_triangle_9x9_zippers_vertical,
          minmay_the_grid_triangle_9x9_stretched_checkered,
          minmay_the_grid_prize_shrinking_boxes], layout_irregular_city
Temple:   oiseaux_autumnal_temple

Skill      XL: |  1  2  3  4  5  6  7  8  9 10 |
---------------+-------------------------------+-----
Axes           | 5 6 7 8 10 11 13 | 13.7
Fighting       | 4 5 7 8 |  8.7
Shields        | 1 2 3 5 6 7 |  7.0
Invocations    | 2 5 6 |  6.0
Dodging        | |  2.4

Action                     |  1- 3 |  4- 6 |  7- 9 | 10-12 || total
---------------------------+-------+-------+-------+-------++-------
  Melee: Hand axe          |   127 |   247 |   532 |    89 ||   995
         Dire flail        |       |       |     2 |       ||     2
   Fire: Sling             |       |       |     7 |       ||     7
  Throw: Boomerang         |       |       |     4 |       ||     4
         Javelin           |       |       |     6 |       ||     6
         Dart              |       |       |     3 |       ||     3
 Invoke: Convert to Beogh  |       |       |     1 |       ||     1
         Smiting           |       |       |     2 |       ||     2
  Evoke: Wand              |       |       |     4 |       ||     4
    Use: Scroll            |       |       |     7 |     1 ||     8
         Potion            |       |       |     2 |     1 ||     3
 Armour: Chain mail        |    70 |   139 |    33 |       ||   242
         Plate armour      |       |       |   243 |    43 ||   286
  Dodge: Dodged            |    43 |    37 |    46 |    22 ||   148
  Block: Tower shield      |       |   107 |   387 |    71 ||   565

Table legend: (Time is in decaauts)
 A = Elapsed time spent in this place.
 B = Non-inter-level travel time spent in this place.
 C = Inter-level travel time spent in this place.
 D = Time resting spent in this place.
 E = Time spent auto-exploring this place.
 F = Levels seen in this place.
 G = Mean time per level.
                   A        B        C        D        E       F      G
               +--------+--------+--------+--------+--------+-----+--------+
         Total |  10266 |   9446 |    820 |   2255 |   4565 |  10 | 1026.6 |
       Dungeon |   9725 |   8930 |    795 |   1835 |   4565 |   9 | 1080.6 |
        Temple |    541 |    516 |     25 |    420 |      0 |   1 |  541.0 |
               +--------+--------+--------+--------+--------+-----+--------+

Top non-repeatable levels by time:
     D:5: 2107 daAuts
     D:8: 1938 daAuts
     D:4: 1129 daAuts
     D:3: 1024 daAuts
     D:7: 943 daAuts
     D:6: 893 daAuts
     D:1: 876 daAuts
     D:2: 794 daAuts
  Temple: 541 daAuts
     D:9: 16 daAuts
